 Dungeon Crawl Stone Soup version 0.17-a0-1642-gd4b747b (webtiles) character file.

58 KINGKRU the Covered (level 4, -2/35 HPs)
             Began as a Human Fighter on Aug 11, 2015.
             Splashed by a jelly's acid (5 damage)
             ... on level 3 of the Dungeon.
             The game lasted 00:11:24 (1806 turns).

KINGKRU the Covered (Human Fighter)                 Turns: 1806, Time: 00:11:24

Health: -2/35      AC: -5    Str: 17    XL:     4   Next: 21%
Magic:  4/4        EV:  7    Int:  8    God:
Gold:   106        SH: 10    Dex: 13    Spells: 0 memorised, 3 levels left

rFire  . . .     SeeInvis .     a - +0 long sword
rCold  + . .     Clarity  .     b - +0 scale mail
rNeg   . . .     SustAt   .     c - +1 shield
rPois  .         Gourm    .     (no helmet)
rElec  .         Spirit   .     (no cloak)
rCorr  +         Warding  .     (no gloves)
rMut   .         Stasis   .     (no boots)
MR     .....                    n - amulet of resist corrosion
Stlth  ..........               q - ring of ice
                                h - ring of protection from fire

@: corroded equipment, not resistant to hostile enchantments, extremely
unstealthy
A: no striking features
a: no special abilities


You were on level 3 of the Dungeon.
You were hungry.

You visited 1 branch of the dungeon, and saw 3 of its levels.

You collected 106 gold pieces.

Inventory:

Hand weapons
 a - a +0 long sword (weapon)
Armour
 b - a +0 scale mail (worn)
 c - a +1 shield (worn)
Jewellery
 h - a ring of protection from fire (left hand)
 j - an uncursed amulet of clarity
 n - an amulet of resist corrosion (around neck)
 q - a ring of ice (right hand)
Scrolls
 p - a scroll of noise {unknown}
 r - a scroll of magic mapping {unknown}
Potions
 d - a potion of might
 g - a potion of cancellation {unknown}
 i - 2 potions of heal wounds {unknown}
 k - a potion of agility {unknown}
 l - 2 potions of mutation {unknown}
 o - 2 potions of curing {unknown}
Comestibles
 e - 2 bread rations
 f - 4 fruits
 m - a meat ration


   Skills:
 + Level 3.3 Fighting
 + Level 2.4 Long Blades
 + Level 3.5 Armour
 + Level 1.0 Dodging
 + Level 3.5 Shields


You had 3 spell levels left.
You didn't know any spells.

Dungeon Overview and Level Annotations

Branches:
Dungeon (3/15)

Altars:
Makhleb


Message History

The jelly is lightly wounded.
The jelly hits you.
You are splashed with acid!
The acid burns!
You hit the jelly. The acid corrodes you!
Your hands burn!
The jelly is moderately wounded.
The jelly closely misses you. The jelly hits you.
You are splashed with acid!
The acid burns!
You hit the jelly but do no damage.
Your hands burn!
* * * LOW HITPOINT WARNING * * *
The jelly is moderately wounded.
The jelly hits you.
* * * LOW HITPOINT WARNING * * *
You are splashed with acid!
The acid burns!
* * * LOW HITPOINT WARNING * * *
Put on which piece of jewellery? (? for menu, Esc to quit)
You remove your amulet of clarity.
n - an amulet of resist corrosion (around neck)
The jelly hits you.
* * * LOW HITPOINT WARNING * * *
You are splashed with acid!
The acid corrodes you!
The acid burns!
You resist.
You die...

#.# #. #.. #.# #. #.# #.#
#. #.# #.# # #. #.# #.#
#.##. #.# #.# #.... #.#
#.# .>...####.######## #.#
...............J@#######.#
####.####.######......(..#
#. #.# ########### #. #.#
.. #.# #. #.# #. #.# #.
#.#


You could see a jelly.

Vanquished Creatures
  An adder (D:3)
  An ooze (D:1)
  6 bats
  8 goblins
  8 hobgoblins
  4 jackals (D:1)
  3 kobolds
  A quokka (D:2)
  A ball python (D:1)
  4 giant newts
  5 rats
42 creatures vanquished.

Notes
Turn   | Place    | Note
--------------------------------------------------------------
     0 | D:1      | KINGKRU the Human Fighter began the quest for the Orb.
     0 | D:1      | Reached XP level 1. HP: 18/18 MP: 1/1
    58 | D:1      | Reached XP level 2. HP: 4/24 MP: 2/2
   549 | D:1      | Reached XP level 3. HP: 26/29 MP: 3/3
   964 | D:2      | Found a burning altar of Makhleb.
  1431 | D:2      | Reached XP level 4. HP: 35/35 MP: 4/4
  1577 | D:3      | Reached skill level 1 in Dodging
  1806 | D:3      | Splashed by a jelly's acid

Vault maps used:
D:1:      minmay_arrival_hallway
D:2:      bloody_makhleb
D:3:      first_bread, minmay_misc_feat_diagonals, uniq_jessica, uniq_terence

Action                   |  1- 3 |  4- 6 || total
-------------------------+-------+-------++-------
Melee: Long sword        |   140 |    13 ||   153
  Use: Scroll            |     4 |     1 ||     5
  Eat: Fruit             |     3 |       ||     3
